 Dungeon Crawl Stone Soup version 0.27.1 (webtiles) character file.

Game seed: 15999021872864336918

4748 bnorton916 the Nimble (level 10, -3/50 HPs)
             Began as a Deep Elf Conjurer on Aug 28, 2021.
             Was an Initiate of Gozag.
             Shot with an arrow by a centaur (9 damage)
             ... on level 6 of the Dungeon.
             The game lasted 00:15:57 (9331 turns).

bnorton916 the Nimble (Deep Elf Conjurer)           Turns: 9331, Time: 00:15:58

Health: -3/50      AC:  4    Str:  9    XL:     10   Next: 23%
Magic:  21/23      EV: 15    Int: 27    God:    Gozag
Gold:   1084       SH:  0    Dex: 13    Spells: 13/24 levels left

rFire    + . .     SeeInvis .   m - +2 dagger (venom)
rCold    . . .     Faith    .   (no shield)
rNeg     . . .     Spirit   .   a - +0 robe
rPois    .         Reflect  .   (no helmet)
rElec    +         Harm     .   (no cloak)
rCorr    .         Rampage  .   c - +1 pair of gloves
Will     ++...                  (no boots)
Stlth    ++........             (no amulet)
HPRegen  0.16/turn              i - ring "Noopyllo" {rElec rF+ Will+ Str+5}
MPRegen  0.18/turn              e - ring of wizardry

@: no status effects
A: no striking features
a: Renounce Religion, Potion Petition, Call Merchant, Bribe Branch


You were on level 6 of the Dungeon.
You worshipped Gozag.
Gozag was most pleased with you.
You visited 1 branch of the dungeon, and saw 6 of its levels.
You also visited: Ossuary.

You collected 1105 gold pieces.
You paid 21 gold pieces to Gozag.

Inventory:

Hand Weapons
 g - a +1 dagger of draining
 h - a +2 dagger of speed
 m - a +2 dagger of venom (weapon)
Armour
 a - a +0 robe (worn)
 c - a +1 pair of gloves (worn)
Jewellery
 d - a ring of see invisible
 e - a ring of wizardry (right hand)
 i - the ring "Noopyllo" (left hand) {rElec rF+ Will+ Str+5}
   (You acquired it in an ossuary)

   [ring of willpower]

   Str:       It affects your strength (+5).
   rF:        It protects you from fire.
   rElec:     It insulates you from electricity.
   Will:      It increases your willpower.
 F - a +6 ring of dexterity
Wands
 t - a wand of acid (13)
Scrolls
 b - 2 scrolls of immolation {unknown}
 j - 2 scrolls of magic mapping {unknown}
 k - a scroll of holy word {unknown}
 o - 7 scrolls of teleportation
 q - a scroll of blinking {unknown}
 s - 4 scrolls of enchant armour
 u - a scroll of noise {unknown}
 v - a scroll of enchant weapon {unknown}
 w - 2 scrolls of fog
 y - a scroll of brand weapon
 z - a scroll of vulnerability
 B - a scroll of fear {unknown}
 D - a scroll of torment {unknown}
 E - 2 scrolls of summoning {unknown}
Potions
 f - a potion of mutation
 l - 2 potions of curing
 n - a potion of attraction
 p - 2 potions of lignification
 r - a potion of berserk rage {unknown}
 A - 2 potions of brilliance
 C - a potion of flight
Miscellaneous
 x - a condenser vane


   Skills:
 + Level 5.4 Armour
 + Level 8.4 Dodging
 - Level 2.4 Stealth
 - Level 7.7 Spellcasting
 - Level 7.4 Conjurations
 - Level 8.0 Hexes
 - Level 6.6 Translocations


You had 13 spell levels left.
You knew the following spells:

 Your Spells              Type           Power      Damage    Failure   Level
a - Magic Dart            Conj           100%       1d8       1%          1
b - Searing Ray           Conj           100%       3d7       1%          2
c - Fulminant Prism       Conj/Hex       25%        3d14      1%          4
d - Iskenderun's Mystic   Conj/Tloc      48%        2d11      1%          4

Your spell library contained the following spells:

 Spells                   Type           Power      Damage    Failure   Level
 Apportation              Tloc           92%        N/A       1%          1
 Dazzling Flash           Conj/Hex       100%       N/A       1%          3
 Animate Skeleton         Necr           20%        N/A       2%          1
 Pain                     Necr           40%        1d6       2%          1
 Vampiric Draining        Necr           5%         2d6       6%          3
 Invisibility             Hex            26%        N/A       12%         6
 Alistair's Intoxication  Tmut/Pois      6%         N/A       50%         5


Dungeon Overview and Level Annotations

Branches:
Dungeon (6/15)             Temple (0/1) D:5         Ossuary (visited)

Altars:
Gozag
Ru


Message History

a +0 robe; a +0 war axe You now have 1078 gold pieces (gained 10).
Things that are here:
a +0 giant club; a +0 giant spiked club You see here a +0 club.
You now have 1084 gold pieces (gained 6).
Things that are here:
a +0 robe; a +0 great sword of distortion
Okay, then.
Okay, then.
A centaur comes into view. It is wielding a +0 trident.
The centaur moves out of view.
A centaur is nearby!
The centaur shouts!
The centaur unwields a +0 trident.
The centaur wields a +0 shortbow.
The centaur shoots an arrow.
The arrow hits you.
The centaur shoots an arrow.
The arrow hits you!
The centaur shoots an arrow.
The arrow hits you!
Casting: Iskenderun's Mystic Blast (dangerous; 1% risk of failure)
Confirm with . or Enter, or press ? or * to list all spells.
Aiming: Searing Ray (safe; 1% risk of failure)
Press: ? - help, Shift-Dir - straight line, f - centaur
Aim: a centaur, wielding a +0 shortbow and quivering arrows (90% to hit)
The searing ray misses the centaur. (Press . to maintain the ray.)
The centaur shoots an arrow.
The arrow hits you.
The centaur shoots an arrow.
The arrow hits you!
* * * LOW HITPOINT WARNING * * *
Okay, then.
You feel better.
The centaur shoots an arrow.
The arrow hits you!
* * * LOW HITPOINT WARNING * * *
Casting: Searing Ray (safe; 1% risk of failure)
Confirm with . or Enter, or press ? or * to list all spells.
Okay, then.
Unknown command.
As you read the scroll of fog, it crumbles to dust.
The scroll dissolves into smoke.
The centaur shoots an arrow.
The arrow hits you!
You die...
Your body crumbles into a pile of gold.

.....#..........#
.....#....[..#######
######.............#
# #..........(..# #
#.............# #
#....##.......### #
#....##.....[...# .
##..######§§§.#.#
#... #..§@§...# ..#
#.#§#§#.#.#
#.....§.$..z
...#c......##.
##...(.$$....# #..
#..>....## #...
.......... ... #.
.....## $


You could see a centaur.

Vanquished Creatures
  2 two-headed ogres (D:6)
  Grinder (D:3)
  Sigmund (D:3)
  Edmund (D:4)
  Menkaure (D:4)
  A water moccasin (D:6)
  An ice beast (D:5)
  2 black bears
  2 hornet zombies (Ossuary)
  A necrophage (D:5)
  3 ogres
  A centaur (D:6)
  A phantom (D:5)
  A scorpion (D:6)
  4 water moccasin zombies (Ossuary)
  7 wights
  7 bullfrog zombies (Ossuary)
  5 centaur zombies (Ossuary)
  2 orc priests (D:4)
  2 hounds
  4 jellies
  Ijyb (D:3)
  Natasha (thrice) (D:4)
  2 iguanas
  An orc wizard (D:4)
  4 killer bee zombies (Ossuary)
  A hound zombie (D:5)
  A hound skeleton (D:4)
  15 mummies (Ossuary)
  2 howler monkey zombies (Ossuary)
  4 adders
  A shadow imp (D:6)
  2 adder skeletons
  2 worms
  4 dart slugs
  15 orcs
  7 bats
  12 endoplasms
  4 giant cockroaches
  9 goblins
  10 hobgoblins
  4 jackals (D:4)
  4 quokkas
  9 ball pythons
  2 frilled lizards
  8 kobolds
  7 rats
184 creatures vanquished.

Vanquished Creatures (others)
  9 fulminant prisms
  2 withered plants (Ossuary)
11 creatures vanquished.

Grand Total: 195 creatures vanquished

Notes
Turn   | Place    | Note
-------+----------+-------------------------------------------
     0 | D:1      | bnorton916 the Deep Elf Conjurer began the quest for the
                  | Orb.
     0 | D:1      | Reached XP level 1. HP: 10/10 MP: 6/6
   374 | D:1      | Reached XP level 2. HP: 15/15 MP: 4/8
   910 | D:1      | Reached XP level 3. HP: 19/19 MP: 6/10
   942 | D:1      | Reached skill level 5 in Conjurations
  1032 | D:1      | Learned a level 2 spell: Searing Ray
  1378 | D:2      | Found a faded altar of an unknown god.
  2323 | D:3      | Noticed Ijyb
  2323 | D:3      | Found an opulent altar of Gozag.
  2330 | D:3      | Killed Ijyb
  2331 | D:3      | Reached XP level 4. HP: 24/24 MP: 3/12
  2358 | D:3      | Became a worshipper of Gozag Ym Sagoz the Greedy
  2517 | D:3      | Noticed Sigmund
  2522 | D:3      | Killed Sigmund
  2523 | D:3      | Reached XP level 5. HP: 19/28 MP: 6/15
  2937 | D:3      | Noticed Grinder
  2943 | D:3      | Paralysed by Grinder for 6 turns
  2949 | D:3      | Killed Grinder
  2950 | D:3      | Reached XP level 6. HP: 4/32 MP: 11/18
  3831 | D:4      | Reached XP level 7. HP: 36/36 MP: 14/19
  4178 | D:4      | Noticed Menkaure
  4367 | D:3      | Learned a level 4 spell: Fulminant Prism
  4372 | D:3      | Learned a level 4 spell: Iskenderun's Mystic Blast
  4387 | D:4      | Killed Menkaure
  4388 | D:4      | Reached skill level 1 in Translocations
  4562 | D:4      | Noticed Edmund
  4572 | D:4      | Killed Edmund
  5009 | D:4      | Noticed Natasha
  5012 | D:4      | Killed Natasha
  5013 | D:4      | Noticed Natasha
  5018 | D:4      | Killed Natasha
  5152 | D:4      | Noticed Natasha
  5157 | D:4      | Killed Natasha
  5158 | D:4      | Reached XP level 8. HP: 41/41 MP: 14/21
  5392 | D:5      | Entered Level 5 of the Dungeon
  5394 | D:5      | Found a sand-covered staircase.
  5404 | Ossuary  | Entered an ossuary
  5509 | Ossuary  | Reached skill level 5 in Hexes
  5685 | Ossuary  | Reached skill level 5 in Translocations
  6886 | Ossuary  | Identified a scroll of acquirement
  6888 | Ossuary  | Acquired the ring "Noopyllo" {rElec rF+ Will+ Str+5}
  6903 | Ossuary  | Reached XP level 9. HP: 40/45 MP: 14/22
  7016 | Ossuary  | Reached skill level 1 in Armour
  7848 | D:5      | Reached skill level 5 in Dodging
  7907 | D:5      | Found a sacrificial altar of Ru.
  8051 | D:5      | Found a staircase to the Ecumenical Temple.
  9098 | D:6      | Noticed a two-headed ogre
  9113 | D:6      | Killed a two-headed ogre
  9114 | D:6      | Reached skill level 5 in Armour
  9114 | D:6      | Reached XP level 10. HP: 50/50 MP: 1/23
  9233 | D:6      | Noticed a two-headed ogre
  9240 | D:6      | Killed a two-headed ogre
  9331 | D:6      | Shot with an arrow by a centaur

Illustrated notes

Levels and vault maps discovered:
D:1:      giann_forest_graveyard, layout_loops_ring
D:2:      minmay_alternating_diamond, layout_basic, basic_ecumenical_altar
D:3:      minmay_octagon_keep, layout_rooms, mainiacjoe_overflow_chevrons,
          uniq_ijyb, uniq_sigmund, uniq_grinder
D:4:      layout_cave_pools, serial_column_ruins, column_ruins_hut_pillars,
          column_ruins_hut, column_ruins_grid_3, column_ruins_grid_1,
          column_ruins_open_medium, column_ruins_open_medium, uniq_menkaure,
          uniq_natasha, uniq_edmund
D:5:      layout_rooms, lemuel_doored_altar, minmay_temple_entry_wispy,
          enter_ossuary_1
D:6:      layout_basic, mainiacjoe_overflow_brackets, st_stairs_4, kb_rosetta

Skill      XL: |  1  2  3  4  5  6  7  8  9 10 |
---------------+-------------------------------+-----
Spellcasting   | 4 6 7 |  7.7
Conjurations   | 5 6 7 |  7.4
Hexes          | 4 8 |  8.0
Translocations | 3 6 |  6.6
Armour         | 5 |  5.4
Dodging        | 7 8 |  8.4
Stealth        | |  2.4

Action                   |  1- 3 |  4- 6 |  7- 9 | 10-12 || total
-------------------------+-------+-------+-------+-------++-------
Melee: Dagger            |       |     2 |     7 |       ||     9
 Cast: Magic Dart        |    83 |    48 |   127 |     2 ||   260
       Searing Ray       |     1 |     7 |    63 |     2 ||    73
       Iskenderun's Myst |       |       |     9 |     1 ||    10
       Fulminant Prism   |       |       |     8 |     1 ||     9
  Use: Scroll            |       |       |    13 |     1 ||    14
       Potion            |       |       |       |     1 ||     1
Armor: Robe              |     2 |     2 |    25 |       ||    29
Dodge: Dodged            |     2 |     7 |    68 |       ||    77
